 Dungeon Sprint DCSS version 0.30-a0-867-g305f33218d (webtiles) character file.

Game seed: 17960001255958566983

1083 BigDaddyOpFi the Dancer (level 8, -4/78 HPs)
             Began as a Hill Orc Fighter on Mar 10, 2023.
             Was an Elder of Uskayaw.
             Slain by a troll (7 damage)
             ... led by an orc high priest
             ... in the Dungeon (Sprint VII: "The Pits").
             The game lasted 00:02:30 (905 turns).

BigDaddyOpFi the Dancer (Hill Orc Fighter)           Turns: 905, Time: 00:02:31

Health: -4/78      AC: 11    Str: 21    XL:     8   Next: 30%
Magic:  11/18      EV:  6    Int:  8    God:    Uskayaw [****..]
Gold:   0          SH:  6    Dex: 10    Spells: 7/7 levels left

rFire   . . .      SeeInvis .    a - +0 war axe
rCold   . . .      Faith    .    c - +0 buckler
rNeg    . . .      Spirit   .    f - +2 plate armour
rPois   .          Reflect  .    (no helmet)
rElec   .          Rampage  .    (no cloak)
rCorr   .          NoTele   +    (no gloves)
Will    .....                    (no boots) Stlth
                                 (no amulet)
HPRegen 0.33/turn                (no ring)
MPRegen 0.16/turn                (no ring)

@: corroded
A: no striking features
a: Renounce Religion, Convert to Beogh, Stomp, Line Pass


You were in the Dungeon.
You worshipped Uskayaw.
Uskayaw was pleased with you.
You visited 1 branch

Inventory:

Hand Weapons
 a - a +0 war axe (weapon)
Armour
 c - a +0 buckler (worn)
 f - a +2 plate armour (worn)
Scrolls
 j - a scroll of blinking
Potions
 d - a potion of might
 e - 6 potions of curing
 g - a potion of haste
 h - 4 potions of magic
 i - 3 potions of berserk rage
 k - 2 potions of invisibility
 l - 3 potions of heal wounds


   Skills:
 + Level 9.4 Fighting
 + Level 9.8 Axes
 + Level 8.6 Armour
 + Level 8.7 Shields
 * Level 13.3 Invocations


You had 7 spell levels left.
You didn't know any spells.
Your spell library was empty.

Dungeon Overview and Level Annotations

Branches:
Dungeon (1/1)

Altars:
Ashenzari
Cheibriados
Dithmenos
Elyvilon
Fedhas
Gozag
Hepliaklqana
Kikubaaqudgha
Makhleb
Nemelex Xobeh
Okawaru
Qazlal
Ru
Sif Muna
Trog
Uskayaw
Vehumet
Wu Jian
Xom
Yredelemnul
Zin
The Shining One
Beogh
Jiyva
Lugonu


Message History

The jelly is killed!
Uskayaw will force your foes to share their pain.
Uskayaw links your audience in an emotional bond!
Unknown command.
Aiming: Line Pass
Press: ? - help, Dir - move target, f - troll
Aim: a troll (sharing its pain)
Okay, then.
You stomp with the beat, sending a shockwave through the revellers around you!
You kill the orc!
You kill the scorpion!
The orc sorcerer is severely wounded.
The orc high priest seems less confused.
The orc sorcerer hits you but does no damage.
The orc hits itself with a +0 hand axe.
The orc high priest shouts, "Surrender to Beogh and we'll let you live!"
The orc is killed!
The orc warrior barely misses the orc high priest.
The orc high priest calls down the wrath of Beogh upon you.
Beogh smites you!
Uskayaw will force your foes to share their pain.
Your life force feels restored.
You closely miss the ogre.
The ogre is almost dead.
You closely miss the troll. You closely miss the orc sorcerer.
The orc warrior seems less confused.
The troll bites you. You block the troll's attack. The troll claws you.
The orc sorcerer barely misses you. The ogre closely misses you.
The orc high priest utters an invocation to Beogh.
You barely miss the ogre.
The ogre is almost dead.
You closely miss the troll. You slash the orc sorcerer!
The orc high priest shouts, "Surrender to Beogh and we'll let you live!"
You kill the ogre!
The orc high priest shouts, "Join the one true god or die!"
The orc sorcerer casts a spell at you. The bolt of fire hits you!!
* * * LOW HITPOINT WARNING * * *
The orc warrior hits you but does no damage.
The troll bites you!
You die...

#.#..'.))).##.......#
#.#..#[))[.##.......#
#)###########.......#
#)..J...#..##########
#..###..#†######
#.......#†#....#
##)###.##'#....#
#.)).†..#)'.ooT+
#..###..#'#4o)@#
#.......'.#..).#
################


You could see an orc high priest (pain bonded), a troll (pain bonded), a chaos
spawn (summoned), an orc sorcerer (pain bonded) and an orc warrior (pain
bonded).

Vanquished Creatures
  A shadow (D)
  A water moccasin (D)
  A floating eye (D)
  Duvessa (D)
  A sky beast (D)
  An ice beast (D)
  An ogre (D)
  3 scorpions (D)
  Dowan (D)
  A crimson imp (D)
  2 jellies (D)
  3 orc priests (D)
  2 river rats (D)
  5 orcs (D)
  An endoplasm (D)
  A quokka (D)
  2 ball pythons (D)
  3 bats (D)
  A rat (D)
32 creatures vanquished.

Notes
Turn   | Place    | Note
-------+----------+-------------------------------------------
     0 | D        | BigDaddyOpFi the Hill Orc Fighter began the quest for the
                  | Orb.
     0 | D        | Reached XP level 1. HP: 19/19 MP: 1/1
    15 | D        | Found a bloodstained altar of Trog.
    15 | D        | Found a shimmering blue altar of Sif Muna.
    15 | D        | Found a viscous altar of Jiyva.
    15 | D        | Found a hazy altar of Hepliaklqana.
    15 | D        | Found an opulent altar of Gozag.
    16 | D        | Found a glowing golden altar of the Shining One.
    16 | D        | Found a glowing silver altar of Zin.
    16 | D        | Found a basalt altar of Yredelemnul.
    16 | D        | Found a shimmering altar of Xom.
    16 | D        | Found an ornate altar of the Wu Jian Council.
    16 | D        | Found a sacrificial altar of Ru.
    16 | D        | Found a stormy altar of Qazlal.
    16 | D        | Found an iron altar of Okawaru.
    16 | D        | Found a sparkling altar of Nemelex Xobeh.
    16 | D        | Found a burning altar of Makhleb.
    16 | D        | Found a blossoming altar of Fedhas.
    16 | D        | Found a white marble altar of Elyvilon.
    16 | D        | Found a shadowy altar of Dithmenos.
    16 | D        | Found a snail-covered altar of Cheibriados.
    18 | D        | Found a corrupted altar of Lugonu.
    18 | D        | Found a radiant altar of Vehumet.
    18 | D        | Found a roughly hewn altar of Beogh.
    19 | D        | Found an ancient bone altar of Kikubaaqudgha.
    19 | D        | Found a hide-covered altar of Uskayaw.
    19 | D        | Found a broken altar of Ashenzari.
    30 | D        | Became a worshipper of Uskayaw the Reveller
    63 | D        | Reached * piety under Uskayaw
    65 | D        | Reached skill level 1 in Invocations
    84 | D        | Noticed a scorpion
    84 | D        | Noticed a scorpion
    87 | D        | Reached ** piety under Uskayaw
    88 | D        | Reached *** piety under Uskayaw
    89 | D        | Killed a scorpion
    90 | D        | Reached skill level 5 in Fighting
    90 | D        | Reached skill level 5 in Invocations
    90 | D        | Reached XP level 2. HP: 17/29 MP: 1/5
    90 | D        | Reached XP level 3. HP: 21/36 MP: 1/7
    90 | D        | Reached XP level 4. HP: 24/42 MP: 1/8
    92 | D        | Reached **** piety under Uskayaw
    93 | D        | Killed a scorpion
    94 | D        | Reached skill level 5 in Axes
    94 | D        | Reached skill level 5 in Armour
    94 | D        | Reached skill level 5 in Shields
    94 | D        | Reached skill level 7 in Invocations
    94 | D        | Reached XP level 5. HP: 25/50 MP: 1/10
   422 | D        | Noticed a water moccasin
   436 | D        | Killed a water moccasin
   437 | D        | Reached skill level 8 in Invocations
   437 | D        | Reached XP level 6. HP: 39/58 MP: 10/12
   593 | D        | Noticed a sky beast
   594 | D        | Noticed a floating eye
   595 | D        | Noticed Duvessa
   598 | D        | Paralysed by a floating eye for 4 turns
   598 | D        | Noticed an ice beast
   603 | D        | Noticed Dowan
   607 | D        | Paralysed by a floating eye for 4 turns
   615 | D        | Paralysed by a floating eye for 4 turns
   621 | D        | Killed a floating eye
   622 | D        | Reached skill level 10 in Invocations
   626 | D        | Killed Duvessa
   627 | D        | Reached skill level 11 in Invocations
   627 | D        | Reached XP level 7. HP: 61/68 MP: 9/15
   629 | D        | Killed Dowan
   629 | D        | Reached ***** piety under Uskayaw
   641 | D        | Reached ****** piety under Uskayaw
   643 | D        | Reached skill level 12 in Invocations
   863 | D        | Noticed a shadow
   867 | D        | Killed a shadow
   868 | D        | Reached XP level 8. HP: 78/78 MP: 17/17
   876 | D        | Reached skill level 13 in Invocations
   899 | D        | Noticed an orc high priest
   899 | D        | Noticed a troll
   899 | D        | Noticed an orc sorcerer
   905 | D        | HP: 3/78 [orc sorcerer/bolt of fire[an orc high priest]
                  | (26)]
   905 | D        | Slain by a troll

Illustrated notes

Levels and vault maps discovered:
D:        pitsprint [storerooms_1, entrance_room_1, metal_vault_7, armoury_1,
          mini_pit_1, grid_room_1, main_hall_1, silver_pit, the_coven_2,
          the_vestibule_1, steel_vault_4, golden_pit, hallway_of_sentries,
          crystal_vault_1, iron_vault_4, final_vault]

Skill      XL: |  1  2  3  4  5  6  7  8 |
---------------+-------------------------+-----
Axes           | 4 5 6 8 9 |  9.8
Fighting       | 5 6 8 9 |  9.4
Invocations    | 5 7 8 11 12 13 | 13.3
Armour         | 4 5 6 7 8 |  8.6
Shields        | 4 5 6 7 8 |  8.7

Action                     |  1- 3 |  4- 6 |  7- 9 || total
---------------------------+-------+-------+-------++-------
  Melee: War axe           |    13 |    34 |    57 ||   104
 Invoke: Stomp             |       |     1 |     1 ||     2
         Line Pass         |       |     1 |     1 ||     2
    Use: Potion            |       |     3 |       ||     3
   Stab: Paralysed         |     2 |     4 |     3 ||     9
 Armour: Scale mail        |     6 |    14 |       ||    20
         Plate armour      |       |    29 |    47 ||    76
  Dodge: Dodged            |     8 |    17 |    13 ||    38
  Block: Buckler           |     1 |     8 |    12 ||    21

Table legend: (Time is in decaauts)
 A = Elapsed time spent in this place.
 B = Non-inter-level travel time spent in this place.
 C = Inter-level travel time spent in this place.
 D = Time resting spent in this place.
 E = Time spent auto-exploring this place.
 F = Levels seen in this place.
 G = Mean time per level.
                   A        B        C        D        E       F      G
               +--------+--------+--------+--------+--------+-----+--------+
         Total |    920 |    898 |     22 |    622 |      0 |   1 |  920.0 |
       Dungeon |    920 |    898 |     22 |    622 |      0 |   1 |  920.0 |
               +--------+--------+--------+--------+--------+-----+--------+

Top non-repeatable levels by time:
       D: 920 daAuts
